 Dungeon Crawl Stone Soup version 0.29-a0-364-g921d912d32 (webtiles) character file.

Game seed: 11477117059180598154

16 croobank the Firebug (level 2, -1/17 HPs)
             Began as an Octopode Fire Elementalist on Apr 30, 2022.
             Killed from afar by a dart slug (4 damage)
             ... with a slug dart
             ... on level 1 of the Dungeon.
             The game lasted 00:03:05 (684 turns).

croobank the Firebug (Octopode Fire Elementalist)    Turns: 684, Time: 00:03:10

Health: -1/17      AC:  1    Str:  7    XL:     2   Next: 54%
Magic:  3/5        EV: 13    Int: 17    God:
Gold:   46         SH:  0    Dex: 12    Spells: 4/5 levels left

rFire   . . .      SeeInvis .   g - +0 dagger
rCold   . . .      Faith    .   (no shield)
rNeg    . . .      Spirit   .   (helmet restricted)
rPois   .          Reflect  .   (no amulet)
rElec   .          Harm     .   (no ring)
rCorr   .          Rampage  .   (no ring)
Will    .....                   (no ring)
Stlth   +++.......              (no ring)
HPRegen 0.05/turn               (no ring)
MPRegen 0.09/turn               (no ring)
                                (no ring)
                                (no ring)

@: no status effects
A: almost no armour, amphibious, 8 rings, camouflage 1, gelatinous body 1,
(nimble swimmer 1), tentacles
a: no special abilities


You were on level 1 of the Dungeon.
You visited 1 branch of the dungeon, and saw 1 of its levels.

You collected 46 gold pieces.

Inventory:

Hand Weapons
 g - a +0 dagger (weapon)
Missiles
 b - 9 stones
Scrolls
 c - a scroll of fog {unknown}
 d - a scroll of enchant weapon
 e - 3 scrolls of magic mapping {unknown}
 f - a scroll of enchant armour {unknown}
Potions
 a - a potion of magic


   Skills:
 + Level 2.2 Dodging
 + Level 3.1 Stealth
 + Level 2.2 Spellcasting
 + Level 1.3 Conjurations
 + Level 3.1 Fire Magic


You had 4 spell levels left.
You knew the following spells:

 Your Spells              Type           Power      Damage    Failure   Level
a - Foxfire               Conj/Fire      36%        2x1d5     8%          1

Your spell library contained the following spells:

 Spells                   Type           Power      Damage    Failure   Level
 Scorch                   Fire           24%        2d6       8%          2
 Apportation              Tloc           2%         N/A       19%         1
 Conjure Flame            Conj/Fire      9%         6-21      22%         3
 Inner Flame              Hex/Fire       7%         N/A       30%         3
 Flame Wave               Conj/Fire      9%         2d5       58%         4
 Alistair's Intoxication  Tmut/Pois      0%         N/A       99%         5


Dungeon Overview and Level Annotations

Branches:
Dungeon (1/15)

Altars:


Innate Abilities, Weirdness & Mutations

You cannot wear most types of armour.
You are amphibious.
You can wear up to eight rings at the same time.
Your skin changes colour to match your surroundings (Stealth+).
Your rubbery body absorbs attacks. (AC +1, EV +1)
((You are camouflaged when in or above water. (Stealth+)))
You have tentacles for arms and can constrict up to eight enemies at once.


Message History

The hobgoblin is almost dead.
You constrict the hobgoblin.
You kill the hobgoblin!
A goblin comes into view. It is wielding a +0 club.
The goblin shouts!
The goblin hits you with a +0 dagger. The goblin barely misses you.
You barely miss the goblin. You grab the goblin. You constrict the goblin.
The goblin hits you with a +0 dagger. x2
* * * LOW HITPOINT WARNING * * *
You release your grip on the goblin.
There is an open door here.
The goblin misses you. The goblin attacks as you move away!
The goblin barely misses you. The goblin attacks as you move away!
The goblin hits you with a +0 dagger.
* * * LOW HITPOINT WARNING * * *
The goblin attacks as you move away! The goblin hits you with a +0 dagger.
* * * LOW HITPOINT WARNING * * *
Casting: Foxfire (safe; 8% risk of failure)
Confirm with . or Enter, or press ? or * to list all spells.
You conjure some foxfire!
You hit the goblin. You grab the goblin.
The goblin is severely wounded.
You constrict the goblin.
You kill the goblin!
The foxfire hits the goblin.
The goblin is moderately wounded.
The foxfire hits the goblin.
You kill the goblin!
You see here a +0 dagger.
Casting: Foxfire (safe; 8% risk of failure)
Confirm with . or Enter, or press ? or * to list all spells.
You conjure some foxfire!
You hit the dart slug but do no damage. You grab the dart slug.
You constrict the dart slug.
The foxfire hits the dart slug.
The dart slug is heavily wounded.
The foxfire hits the dart slug.
The dart slug is almost dead.
The dart slug launches a dart at you. The slug dart hits you.
You die...

#######.>.......##......#######'#
#..##########..........#.......#
###.....# #......##'###.+.......#
.###....###.####.##.# #.#........
.........##......##.# #.#.......#
..###.....#####..##.###.#....####
### ####..# #..##.....#....#
####.# #.§########....# ####....#
#.@§......+....# ###.....[.#
#w#########....# #........##
#...#######..... ........##
###.#...w......w§ .......##
#.'.........#. .......##
###......... .#......# #.........
#......## #......... .....#.#
#.........


You could see a dart slug.

Vanquished Creatures
  A bat (D:1)
  An endoplasm (D:1)
  3 giant cockroaches (D:1)
  3 goblins (D:1)
  A hobgoblin (D:1)
  3 ball pythons (D:1)
  A rat (D:1)
13 creatures vanquished.

Vanquished Creatures (others)
  6 foxfires (D:1)
6 creatures vanquished.

Grand Total: 19 creatures vanquished

Notes
Turn   | Place    | Note
-------+----------+-------------------------------------------
     0 | D:1      | croobank the Octopode Fire Elementalist began the quest for
                  | the Orb.
     0 | D:1      | Reached XP level 1. HP: 11/11 MP: 3/3
   504 | D:1      | Reached XP level 2. HP: 17/17 MP: 5/5
   684 | D:1      | Killed from afar by a dart slug

Illustrated notes

Levels and vault maps discovered:
D:1:      dpeg_arrival_arbitrary_a, layout_basic, lemuel_flame_loot_1

Skill      XL: |  1  2 |
---------------+-------+-----
Stealth        | 3 |  3.1
Dodging        | |  2.2
Spellcasting   | |  2.2
Conjurations   | |  1.3
Fire Magic     | |  3.1

Action                   || total
-------------------------++-------
Melee: Unarmed           ||    22
       Constrict         ||    13
       Tentacles         ||     9
       Dagger            ||    11
 Cast: Foxfire           ||     4
  Use: Scroll            ||     1
 Stab: Sleeping          ||     2
Dodge: Dodged            ||    29

Table legend: (Time is in decaauts)
 A = Elapsed time spent in this place.
 B = Non-inter-level travel time spent in this place.
 C = Inter-level travel time spent in this place.
 D = Time resting spent in this place.
 E = Time spent auto-exploring this place.
 F = Levels seen in this place.
 G = Mean time per level.
                   A        B        C        D        E       F      G
               +--------+--------+--------+--------+--------+-----+--------+
         Total |    683 |    651 |     32 |    241 |    261 |   1 |  683.0 |
       Dungeon |    683 |    651 |     32 |    241 |    261 |   1 |  683.0 |
               +--------+--------+--------+--------+--------+-----+--------+

Top non-repeatable levels by time:
     D:1: 683 daAuts
